 Dungeon Crawl Stone Soup version 0.19-a0-47-g1fa3c7d (webtiles) character file.

71 AlphabetPasta the Stinger (level 4, -3/30 HPs)
             Began as a Human Venom Mage on May 5, 2016.
             Slain by a phantom (8 damage)
             ... on level 3 of the Dungeon.
             The game lasted 00:11:44 (2760 turns).

AlphabetPasta the Stinger (Human Venom Mage)        Turns: 2760, Time: 00:11:45

Health: -3/30      AC:  4    Str:  8    XL:     4   Next: 47%
Magic:  8/8        EV: 12    Int: 16    God:
Gold:   130        SH:  0    Dex: 14    Spells: 3 memorised, 3 levels left

rFire  + . .     SeeInvis .     k - +0 long sword
rCold  . . .     Gourm    .     a - +0 robe
rNeg   . . .     Faith    .     (no shield)
rPois  .         Spirit   .     (no helmet)
rElec  .         Dismiss  .     q - +0 cloak
rCorr  .         Reflect  .     (no gloves)
SustAt .         Harm     .     (no boots)
MR     .....                    (no amulet)
Stlth  ++........               (no ring)
                                (no ring)

@: hasted, very quick, not resistant to hostile enchantments, unstealthy
A: icy blue scales 1, fire resistance 1, slow regeneration 1
a: no special abilities


You were on level 3 of the Dungeon.
You were not hungry.

You visited 1 branch of the dungeon, and saw 3 of its levels.

You collected 130 gold pieces.

Inventory:

Hand Weapons
 k - a +0 long sword (weapon)
Armour
 a - a +0 robe (worn)
 q - a +0 cloak (worn)
Scrolls
 d - 3 scrolls of enchant weapon {unknown}
 e - a scroll of remove curse {unknown}
 f - a scroll of enchant armour {unknown}
 m - a scroll of noise {unknown}
 o - a scroll of teleportation {unknown}
 p - a scroll of amnesia {unknown}
 r - a scroll of identify {unknown}
Potions
 g - a potion of mutation
 t - a potion of cancellation {unknown}
Books
 b - a Young Poisoner's Handbook

   Spells                             Type                      Level
   a - Sting                          Conjuration/Poison           1
   b - Cure Poison                    Poison                       2
   c - Mephitic Cloud                 Conjuration/Poison/Air       3
   d - Olgreb's Toxic Radiance        Poison                       4
   e - Venom Bolt                     Conjuration/Poison           5
Comestibles
 i - 2 meat rations


   Skills:
 + Level 0.6 Long Blades
 - Level 2.0 Dodging
 - Level 2.0 Stealth
 * Level 3.3 Spellcasting
 * Level 1.0 Conjurations
 + Level 4.4 Poison Magic


You had 3 spell levels left.
You knew the following spells:

 Your Spells              Type           Power        Failure   Level  Hunger
a - Sting                 Conj/Pois      ##..         8%          1    None
b - Mephitic Cloud        Conj/Pois/Air  #.......     28%         3    ###....
c - Cure Poison           Pois           ###.......   6%          2    ##.....


Dungeon Overview and Level Annotations

Branches:
Dungeon (3/15)

Altars:
Dithmenos
Fedhas
Ru
Xom
The Shining One


Innate Abilities, Weirdness & Mutations

You are partially covered in icy blue scales (AC +1).
Your flesh is heat resistant.
You regenerate slowly when monsters are visible.


Message History

The phantom is moderately damaged.
The phantom blinks!
You hit the phantom.
The phantom is moderately damaged.
The phantom hits you but does no damage.
You closely miss the phantom.
The phantom is moderately damaged.
The phantom hits you.
You hit the phantom but do no damage.
The phantom is moderately damaged.
The phantom hits you!
* * * LOW HITPOINT WARNING * * *
The phantom completely misses you.
You miss the phantom.
The phantom is moderately damaged.
The phantom hits you.
* * * LOW HITPOINT WARNING * * *
Drink which item? (? for menu, Esc to quit)
It was a potion of haste.
You feel yourself speed up. The phantom hits you!
You die...

!.. .#
... .#
.... .#
.8... .
.8..#+#.
8....####
#..#@.#
#.†W..#
#$##..#
#. #$.#
.. #..#
.#. #..#
#.#S ####
# .. ..


You could see a phantom.

Vanquished Creatures
  A gnoll (D:1)
  2 adders (D:2)
  An ooze (D:1)
  2 worms (D:2)
  A giant gecko (D:2)
  A ball python (D:1)
  3 bats
  2 goblins (D:2)
  6 hobgoblins
  2 quokkas (D:2)
  7 giant newts
  2 kobolds
  4 rats
34 creatures vanquished.

Notes
Turn   | Place    | Note
--------------------------------------------------------------
     0 | D:1      | AlphabetPasta the Human Venom Mage began the quest for the Orb.
     0 | D:1      | Reached XP level 1. HP: 13/13 MP: 3/3
   311 | D:1      | Reached XP level 2. HP: 13/19 MP: 0/5
   628 | D:1      | Reached XP level 3. HP: 6/24 MP: 0/7
   633 | D:1      | Learned a level 3 spell: Mephitic Cloud
  1734 | D:2      | Learned a level 2 spell: Cure Poison
  1798 | D:2      | Reached XP level 4. HP: 27/30 MP: 0/8
  2010 | D:2      | Found a shimmering altar of Xom.
  2010 | D:2      | Found a shadowy altar of Dithmenos.
  2012 | D:2      | Found a blossoming altar of Fedhas.
  2014 | D:2      | Found a glowing golden altar of the Shining One.
  2014 | D:2      | Found a sacrificial altar of Ru.
  2489 | D:2      | Reached skill level 1 in Conjurations
  2490 | D:2      | Gained mutation: Your flesh is heat resistant. [potion of mutation]
  2490 | D:2      | Gained mutation: You are partially covered in icy blue scales (AC +1). [potion of mutation]
  2490 | D:2      | Gained mutation: You regenerate slowly when monsters are visible. [potion of mutation]
  2711 | D:3      | Noticed a phantom
  2760 | D:3      | Slain by a phantom

Vault maps used:
D:1:      eino_arrival_tree_alley, minmay_newt_pond
D:2:      grunt_temple_overflow_open
D:3:      vehumet_crystals, ecumenical_altar_2

Skill      XL: |  1  2  3  4 |
---------------+-------------+-----
Spellcasting   | 3 |  3.3
Conjurations   | 1 |  1.0
Long Blades    | |  0.6
Dodging        | |  2.0
Stealth        | |  2.0
Poison Magic   | |  4.4

Action                   |  1- 3 |  4- 6 || total
-------------------------+-------+-------++-------
Melee: Unarmed           |    13 |       ||    13
       Long sword        |    11 |    30 ||    41
 Cast: Sting             |    64 |    24 ||    88
  Use: Potion            |       |     7 ||     7
  Eat: Chunk             |     1 |     2 ||     3
       Bread ration      |     1 |       ||     1
Armor: Robe              |     9 |     7 ||    16
Dodge: Dodged            |    30 |    22 ||    52
